Map: [ESL] Data-C

Players

Scarlett - Winner!

  • Race: Zerg Zerg
  • Spawn Location: 3:00

Neeb

  • Race: Protoss Protoss
  • Spawn Location: 9:00

Event: DreamHack SC2 Masters 2022 Atlanta (Online)

VOD

Have the link to the VOD?

Description

Time

  • Played on: Oct. 12, 2022, 3:47 p.m.
  • Length: 7:25

All games in this series

Show
View Real Time Build Order
Export as new Build Order

Scarlett Zerg - Winner!

Build Orders: Hatch First 

Get SALT Encoding   

  12  0:00  Drone  
  13  0:12  Overlord  
  13  0:17  Drone  
  14  0:30  Drone x2  
  16  0:47  Hatchery  
  15  0:50  Drone  
  15  0:54  Drone  
  17  0:57  Drone  
  18  1:08  Extractor  
  17  1:13  Spawning Pool  
  17  1:16  Drone  
  17  1:20  Drone  
  18  1:28  Drone  
  19  1:39  Drone  
  20  1:49  Drone  
  21  1:59  Queen x2  
  21  2:00  Zergling x2, Overlord  
  26  2:11  Drone x2  
  26  2:12  Metabolic Boost  
  28  2:22  Drone x2  
  30  2:33  Hatchery  
  29  2:39  Zergling x2  
  29  2:42  Queen  
  32  2:45  Drone  
  32  2:49  Overlord  
  33  2:53  Drone  
  33  2:54  Drone  
  35  3:09  Queen, Overlord  
  35  3:10  Drone x3  
  40  3:23  Drone  
  40  3:25  Drone x3  
  41  3:31  Queen  
  43  3:40  Spore Crawler  
  43  3:41  Drone x4  
  46  3:45  Queen  
  48  3:49  Drone x4  
  48  3:55  Queen  
  52  4:00  Drone x2  
  56  4:08  Overlord  
  56  4:09  Drone  
  57  4:10  Overlord  
  57  4:17  Extractor, Overlord  
  55  4:28  Drone x10  
  65  4:33  Lair  
  65  4:35  Roach Warren  
  65  4:38  Drone x3, Extractor  
  66  4:45  Drone x4  
  70  4:47  Drone x2  
  70  4:51  Overlord, Extractor  
  71  4:53  Pneumatized Carapace  
  71  4:55  Overlord  
  71  4:58  Overlord  
  71  5:01  Overlord  
  71  5:07  Overlord x2  
  71  5:16  Roach x3  
  71  5:17  Roach x3  
  71  5:20  Roach  
  85  5:24  Roach x4  
  85  5:27  Spore Crawler  
  92  5:31  Zergling x2  
  92  5:32  Zergling x6  
  96  5:37  Zergling x6  
  101  5:42  Ravager  
  101  5:43  Ravager, Overlord  
  101  5:45  Zergling x8  
  105  5:56  Zergling x12  
  110  6:03  Zergling x6, Queen  
  112  6:07  Ravager  
  112  6:08  Ravager x2  
  115  6:17  Zergling x14  
  121  6:18  Ravager  
  122  6:30  Zergling x4  
  121  6:38  Queen x2  
  121  6:40  Queen  
  121  6:41  Overlord  
  121  6:46  Zergling x16  
  121  6:49  Evolution Chamber  
  121  6:51  Hatchery  
  121  6:52  Zergling x2  
  121  6:53  Zergling x2  
  115  6:54  Ravager x5  
  115  7:03  Drone x5  
Show
View Real Time Build Order
Export as new Build Order

Neeb Protoss 

Build Orders: 1 Gate Expand, Oracle Opening 

Get SALT Encoding   

  12  0:00  Probe  
  13  0:12  Probe  
  14  0:17  Pylon  
  14  0:24  Probe (Chrono Boost)  
  15  0:36  Probe (Chrono Boost)  
  15  0:38  Gateway  
  16  0:45  Probe (Chrono Boost)  
  16  0:48  Assimilator  
  17  0:51  Probe  
  18  1:03  Probe  
  19  1:15  Probe  
  20  1:24  Nexus  
  20  1:34  Cybernetics Core  
  20  1:37  Probe  
  21  1:42  Assimilator  
  21  1:49  Probe  
  21  1:52  Pylon  
  22  2:01  Probe (Chrono Boost)  
  22  2:08  Adept (Chrono Boost)  
  23  2:12  Probe (Chrono Boost)  
  26  2:17  Probe (Chrono Boost)  
  26  2:21  Stargate  
  27  2:27  Probe  
  22  2:30  Adept (Chrono Boost)  
  28  2:35  Warp Gate  
  28  2:36  Probe  
  31  2:39  Probe  
  32  2:48  Probe  
  32  2:50  Adept (Chrono Boost)  
  33  2:52  Probe  
  36  2:59  Pylon  
  36  3:01  Probe  
  36  3:04  Oracle (Chrono Boost), Probe  
  41  3:13  Probe  
  42  3:20  Gateway  
  42  3:21  Probe  
  42  3:25  Probe  
  41  3:32  Oracle (Chrono Boost)  
  39  3:34  Probe  
  39  3:37  Probe  
  44  3:46  Probe  
  45  3:49  Nexus  
  45  3:51  Probe  
  46  3:58  Probe  
  46  4:02  Oracle  
  50  4:04  Probe, Pylon  
  50  4:09  Gateway  
  51  4:12  Assimilator  
  51  4:13  Probe  
  51  4:16  Probe  
  53  4:25  Probe  
  53  4:27  Stalker  
  53  4:30  Probe (Chrono Boost)  
  53  4:35  Stalker  
  56  4:41  Probe (Chrono Boost), Pylon  
  56  4:43  Probe (Chrono Boost)  
  57  4:51  Probe (Chrono Boost)  
  57  4:52  Probe (Chrono Boost)  
  59  4:56  Stalker  
  59  4:57  Shield Battery, Probe  
  59  4:59  Oracle (Chrono Boost)  
  62  5:00  Stalker, Pylon  
  62  5:01  Probe  
  62  5:04  Stalker  
  62  5:05  Probe  
  71  5:09  Probe  
  71  5:13  Probe  
  73  5:17  Probe  
  73  5:20  Twilight Council  
  74  5:21  Probe  
  74  5:22  Forge  
  74  5:25  Probe, Stalker  
  74  5:27  Stalker  
  80  5:29  Probe  
  80  5:33  Probe  
  82  5:38  Probe  
  82  5:42  Probe  
  84  5:45  Probe  
  84  5:47  Gateway  
  84  5:48  Gateway  
  85  5:50  Gateway  
  85  5:53  Probe  
  85  5:54  Probe  
  87  5:58  Stalker x3  
  93  6:04  Shield Battery  
  93  6:05  Shield Battery  
  93  6:07  Shield Battery  
  93  6:09  Photon Cannon  
  93  6:10  Photon Cannon  
  93  6:24  Stalker x3  
  93  6:27  Pylon  
  93  6:34  Probe  
  88  6:42  Stalker x2  
  88  6:45  Stalker  
  86  6:49  Stalker x3  
  80  7:02  Probe x3  
  81  7:10  Gateway  
  81  7:13  Gateway x2  
  81  7:15  Pylon  
  69  7:17  Stalker x2  
Tags
 
Add a new tag
Caveats
  • Supply blocks, unpowered buildings, or Contaminate may cause inaccurate times.
  • Supply counts are checked every 10 seconds.